 Dungeon Crawl Stone Soup version 0.29.1-15-g9cfb28693d (webtiles) character file.

Game seed: 12013920816988262861

42 leafyfresh the Sneak (level 3, -3/26 HPs)
             Began as an Octopode Delver on Mar 4, 2023.
             Slain by a phantom (5 damage)
             ... on level 4 of the Dungeon.
             The game lasted 00:00:37 (502 turns).

leafyfresh the Sneak (Octopode Delver)               Turns: 502, Time: 00:00:38

Health: -3/26      AC:  1    Str: 11    XL:     3   Next: 56%
Magic:  3/3        EV: 13    Int: 14    God:
Gold:   14         SH:  0    Dex: 13    Spells: 2/2 levels left

rFire   . . .      SeeInvis .   a - +0 short sword
rCold   . . .      Faith    .   (no shield)
rNeg    . . .      Spirit   .   (helmet restricted)
rPois   .          Reflect  .   (no amulet)
rElec   .          Harm     .   (no ring)
rCorr   .          Rampage  .   (no ring)
Will    .....                   (no ring)
Stlth   ++++......              (no ring)
HPRegen 0.08/turn               (no ring)
MPRegen 0.08/turn               (no ring)
                                (no ring)
                                (no ring)

@: no status effects
A: almost no armour, amphibious, 8 rings, camouflage 1, gelatinous body 1,
(nimble swimmer 1), tentacles
a: no special abilities


You were on level 4 of the Dungeon.
You visited 1 branch of the dungeon, and saw 2 of its levels.

You collected 14 gold pieces.

Inventory:

Hand Weapons
 a - a +0 short sword (weapon)
Wands
 f - a wand of digging (3)
Scrolls
 b - a scroll of fog
 c - a scroll of magic mapping
 d - a scroll of fear
 g - a scroll of teleportation {unknown}
Potions
 e - a potion of haste


   Skills:
 + Level 3.4 Fighting
 - Level 2.4 Short Blades
 + Level 2.5 Dodging
 + Level 7.0 Stealth


You had 2 spell levels left.
You didn't know any spells.
Your spell library contained the following spells:

 Spells                   Type           Power      Damage    Failure   Level
 Gell's Gravitas          Tloc           0%         N/A       65%         3
 Teleport Other           Tloc           0%         N/A       65%         3
 Dispersal                Tloc           0%         N/A       100%        6


Dungeon Overview and Level Annotations

Branches:
Dungeon (5/15)
 Temple: D:4-7

Altars:


Innate Abilities, Weirdness & Mutations

You cannot wear most types of armour.
You are amphibious.
You can wear up to eight rings at the same time.
Your skin changes colour to match your surroundings (Stealth+).
Your rubbery body absorbs attacks. (AC +1, EV +1)
((You are camouflaged when in or above water. (Stealth+)))
You have tentacles for arms and can constrict up to eight enemies at once.


Message History

The phantom misses you.
You hit the phantom but do no damage. Your squeeze misses the phantom.
The phantom is lightly damaged.
The phantom closely misses you.
You hit the phantom but do no damage. The phantom hits you.
* * * LOW HITPOINT WARNING * * *
You barely miss the phantom. You squeeze the phantom.
The phantom is lightly damaged.
The phantom closely misses you.
You barely miss the phantom.
The phantom is lightly damaged.
The phantom hits you.
* * * LOW HITPOINT WARNING * * *
You closely miss the phantom.
The phantom is lightly damaged.
The phantom misses you.
You hit the phantom but do no damage.
You tentacle-slap the phantom, but do no damage.
The phantom is lightly damaged.
The phantom barely misses you.
You hit the phantom.
You tentacle-slap the phantom, but do no damage.
The phantom is lightly damaged.
The phantom misses you.
You hit the phantom but do no damage.
The phantom is lightly damaged.
The phantom barely misses you.
You hit the phantom.
The phantom is moderately damaged.
The phantom barely misses you.
You closely miss the phantom.
The phantom is moderately damaged.
The phantom closely misses you.
You closely miss the phantom. Your squeeze misses the phantom.
The phantom is moderately damaged.
The phantom barely misses you.
You closely miss the phantom. Your squeeze misses the phantom.
The phantom is moderately damaged.
The phantom hits you.
You die...

##.#.## ##..#
#.#..######...#
#.###.##....# .
##.#..$.# .
##....## ##...#
#..[# #...#
#@W.# #####


You could see a phantom.

Vanquished Creatures
  An iguana (D:5)
  A shadow imp (D:5)
  A white imp (D:5)
3 creatures vanquished.

Notes
Turn   | Place    | Note
-------+----------+-------------------------------------------
     0 | D:5      | leafyfresh the Octopode Delver began the quest for the Orb.
     0 | D:5      | Reached XP level 1. HP: 16/16 MP: 1/1
    12 | D:5      | Noticed an iguana
    20 | D:5      | Killed an iguana
    21 | D:5      | Reached XP level 2. HP: 17/21 MP: 2/2
    21 | D:5      | Reached XP level 3. HP: 21/26 MP: 3/3
    97 | D:5      | Reached skill level 7 in Stealth
   143 | D:5      | Noticed an ice beast
   481 | D:4      | Noticed a phantom
   502 | D:4      | Slain by a phantom

Illustrated notes

Levels and vault maps discovered:
D:4:      layout_rooms, nzn_wu_jian_council_hall, interstate_on_off
D:5:      layout_loops_ring, nemelex_spade_bored_becter,
          mainiacjoe_overflow_surrounded_room, st_stairs_4, nicolae_titane

Skill      XL: |  1  2  3 |
---------------+----------+-----
Stealth        | 7 |  7.0
Fighting       | |  3.4
Short Blades   | |  2.4
Dodging        | |  2.5

Action                   || total
-------------------------++-------
Melee: Short sword       ||    29
       Tentacles         ||     4
       Constrict         ||     3
       Punch             ||     2
 Stab: Sleeping          ||     1
Dodge: Dodged            ||    16
